 Dungeon Crawl Stone Soup version 0.29.1-12-g30fa7ad0bf (webtiles) character file.

Game seed: 15208560848159842859

13927 raph the Grappler (level 11, 0/113 HPs)
             Began as a Troll Berserker on Dec 29, 2022.
             Was an Elder of Trog.
             Slain by a naga
             ... wielding a +3 war axe
              (14 damage)
             ... on level 3 of the Lair of Beasts on Dec 30, 2022.
             The game lasted 00:11:49 (10867 turns).

raph the Grappler (Troll Berserker)                Turns: 10867, Time: 00:11:49

Health: 0/113      AC:  9    Str: 27    XL:     11   Next: 82%
Magic:  10/10      EV: 11    Int:  9    God:    Trog [****..]
Gold:   689        SH:  0    Dex: 19    Spells: 10/10 levels left

rFire   . . .      SeeInvis .     - Unarmed
rCold   . . .      Faith    .   (no shield)
rNeg    . . .      Spirit   .   y - +1 acid dragon scales
rPois   .          Reflect  .   (helmet restricted)
rElec   .          Harm     .   (no cloak)
rCorr   +          Rampage  .   (gloves unavailable)
Will    .....                   (boots unavailable)
Stlth   +.........              (no amulet)
HPRegen 1.08/turn               n - +6 ring of intelligence
MPRegen 0.12/turn               u - +6 ring of dexterity

@: lethally poisoned (0 -> -1), about to teleport, on berserk cooldown, slowed,
constricted, very slow
A: large, unfitting armour, claws 3, regeneration 1, shaggy fur 1, tough skin 1
a: Renounce Religion, Berserk, Trog's Hand, Brothers in Arms


You were on level 3 of the Lair of Beasts.
You worshipped Trog.
Trog was greatly pleased with you.
You visited 2 branches of the dungeon, and saw 11 of its levels.

You collected 689 gold pieces.

Inventory:

Hand Weapons
 x - a +1 morningstar of draining
Missiles
 e - 87 stones
 f - 3 large rocks
 m - 22 poisoned darts (quivered)
 r - 5 javelins
Armour
 a - a +2 animal skin
 y - +1 acid dragon scales (worn)
Jewellery
 n - a +6 ring of intelligence (left claw)
 u - a +6 ring of dexterity (right claw)
 v - a ring of willpower
 z - an amulet of magic regeneration
Wands
 o - a wand of roots (14)
 w - a wand of mindburst (21)
Scrolls
 j - 5 scrolls of teleportation
 p - 3 scrolls of magic mapping
Potions
 b - 2 potions of mutation
 c - 2 potions of magic
 d - 3 potions of invisibility
 g - 6 potions of curing
 h - 2 potions of lignification
 i - 3 potions of flight
 k - a potion of cancellation
 l - 3 potions of haste
 q - 2 potions of attraction
 t - 2 potions of heal wounds


   Skills:
 + Level 8.4 Fighting
 + Level 2.3 Throwing
 + Level 1.8 Armour
 + Level 8.4 Dodging
 * Level 13.6 Unarmed Combat


You had 10 spell levels left.
You didn't know any spells.
Your spell library was empty.

Dungeon Overview and Level Annotations

Branches:
Dungeon (8/15)             Temple (0/1) D:4            Lair (3/5) D:8
  Swamp (0/4) Lair:2
  Snake: Lair:2-3    Spider: Lair:2-3

Altars:
Gozag
Hepliaklqana
Qazlal
Sif Muna
Zin
The Shining One

Shops:
D:2 (   D:8 (


Innate Abilities, Weirdness & Mutations

You are too large for most types of armour.
You have claws for hands.
Your natural rate of healing is unusually fast.
You are covered in fur. (AC +1)
You have tough skin. (AC +1)


Message History

The naga shouts!
You eviscerate the wolf!!!
You kill the wolf!
Trog accepts your kill.
You see here a wolf corpse.
A naga comes into view. It is wielding a +0 halberd.
You feel a strong urge to attack something.
The naga shouts!
A naga comes into view. It is wielding a +0 hand axe.
You see here an elephant corpse.
You are no longer berserk.
You are exhausted.
You feel yourself slow down.
You scratch the naga.
The naga is lightly wounded.
The naga hits you with a +3 war axe! The naga grabs you.
The naga constricts you. The naga spits poison at you.
The splash of poison hits you!
You are poisoned.
You hear an angry growl.
The naga's grasp on you weakens, but your attempt to escape fails.
You feel sick. The naga spits poison at you.
The splash of poison hits you but does no damage.
You are more poisoned.
The naga constricts you.
The naga hits you from afar with a +0 halberd!
A polar bear comes into view.
The naga hits you with a +3 war axe!!
* * * LOW HITPOINT WARNING * * *
The naga constricts you.
* * * LOW HITPOINT WARNING * * *
As you read the scroll of teleportation, it crumbles to dust.
You feel strangely unstable.
You feel very sick.
The naga hits you from afar with a +0 halberd.
* * * LOW HITPOINT WARNING * * *
The naga hits you with a +3 war axe!
You die...

....... .... ......
..... .P..## .....#
##..P####......
##....##.......#
##...............
##P#...............
#....N@.†††.....#
#.#..N.###†#?..##.#
#h..N. #.###...####
#....###.##....###.#####
....# #...............#
......
##..............#. ....#
###...P............. ..#
#.....P##.#####.....
#.###....###### ####....


You could see a polar bear and 3 nagas.

Vanquished Creatures
  A catoblepas (Lair:1)
  3 elephants (Lair:3)
  3 black mambas
  A torpor snail (Lair:1)
  4 cane toads
  Maggie (D:8)
  3 komodo dragons
  A hornet (D:7)
  A tyrant leech (Lair:2)
  Sigmund (D:2)
  14 yaks
  A basilisk (Lair:3)
  2 wyverns (Lair:2)
  A wraith (D:5)
  A swamp worm (Lair:2)
  11 water moccasins
  A hornet zombie (D:6)
  3 ice beasts
  A sky beast (D:6)
  5 black bears
  12 wolves
  An ogre (D:4)
  3 centaurs
  A phantom (D:6)
  4 necrophages
  8 bullfrogs
  A gnoll sergeant (D:6)
  A wyvern zombie (D:6)
  4 scorpions
  4 killer bees (D:8)
  2 howler monkeys (D:7)
  2 bullfrog zombies (D:6)
  A gnoll bouda (D:7)
  2 hounds
  2 jellies
  3 orc priests
  A bullfrog skeleton (D:6)
  2 iguanas
  A hell rat (Lair:2)
  5 orc wizards
  A killer bee zombie (D:6)
  11 gnolls
  A howler monkey skeleton (D:6)
  5 adders
  2 shadow imps
  3 white imps
  3 ufetubi (D:5)
  3 worms
  3 dart slugs
  24 orcs
  8 ball pythons
  7 bats
  4 endoplasms
  2 giant cockroaches
  6 goblins
  6 hobgoblins
  2 jackals (D:1)
  11 kobolds
  6 quokkas
  6 frilled lizards
  9 rats
242 creatures vanquished.

Vanquished Creatures (others)
  36 fungi
  22 plants
58 creatures vanquished.

Grand Total: 300 creatures vanquished

Notes
Turn   | Place    | Note
-------+----------+-------------------------------------------
     0 | D:1      | raph the Troll Berserker began the quest for the Orb.
     0 | D:1      | Reached XP level 1. HP: 22/22 MP: 0/0
    87 | D:1      | Reached XP level 2. HP: 24/29 MP: 1/1
   429 | D:1      | Reached ** piety under Trog
   437 | D:1      | Reached XP level 3. HP: 36/36 MP: 2/2
   725 | D:2      | You fall into a shaft and drop 1 floor!
   878 | D:2      | Reached skill level 4 in Unarmed Combat
   914 | D:2      | Noticed a necrophage
   924 | D:2      | Killed a necrophage
   925 | D:2      | Reached XP level 4. HP: 45/45 MP: 3/3
  1090 | D:2      | Noticed Sigmund
  1099 | D:2      | Killed Sigmund
  1100 | D:2      | Reached skill level 5 in Unarmed Combat
  1100 | D:2      | Reached XP level 5. HP: 53/53 MP: 4/4
  1100 | D:2      | Reached XP level 6. HP: 61/61 MP: 5/5
  1296 | D:2      | Found Xuimnij's Antique Weapon Shoppe.
  1441 | D:2      | Found a faded altar of an unknown god.
  1450 | D:2      | Reached *** piety under Trog
  3012 | D:4      | Reached skill level 6 in Unarmed Combat
  3014 | D:4      | Reached XP level 7. HP: 68/68 MP: 6/6
  3264 | D:4      | Found a glowing silver altar of Zin.
  3481 | D:4      | Found a staircase to the Ecumenical Temple.
  3500 | D:5      | Entered Level 5 of the Dungeon
  3728 | D:5      | Found a glowing golden altar of the Shining One.
  3918 | D:5      | Noticed a wraith
  3925 | D:5      | Killed a wraith
  3926 | D:5      | Reached skill level 7 in Unarmed Combat
  3991 | D:5      | Reached XP level 8. HP: 58/79 MP: 7/7
  4392 | D:5      | Found an opulent altar of Gozag.
  4862 | D:6      | Reached skill level 5 in Dodging
  4862 | D:6      | Reached skill level 8 in Unarmed Combat
  4924 | D:6      | Reached skill level 5 in Fighting
  5402 | D:6      | Reached XP level 9. HP: 88/88 MP: 8/8
  5660 | D:7      | Reached skill level 9 in Unarmed Combat
  6186 | D:7      | Paralysed by a hornet for 1 turns
  6436 | D:7      | Reached **** piety under Trog
  6565 | D:8      | Found a staircase to the Lair.
  6582 | D:8      | Reached skill level 10 in Unarmed Combat
  6664 | D:8      | Found a hazy altar of Hepliaklqana.
  6802 | D:8      | Found a stormy altar of Qazlal.
  6924 | D:8      | Noticed Maggie
  6935 | D:8      | Reached XP level 10. HP: 100/100 MP: 9/9
  6942 | D:8      | Killed Maggie
  6945 | D:8      | Found a shimmering blue altar of Sif Muna.
  7371 | D:8      | Found Firicw's Antique Weapon Shoppe.
  7403 | D:8      | Reached skill level 11 in Unarmed Combat
  7558 | Lair:1   | Entered Level 1 of the Lair of Beasts
  7666 | Lair:1   | Noticed a catoblepas
  7678 | Lair:1   | Killed a catoblepas
  7997 | Lair:1   | Identified the +0 robe of the Thinker {+Inv Str+2 Stlth+}
  8167 | Lair:1   | Reached skill level 12 in Unarmed Combat
  8281 | Lair:1   | Noticed a cane toad
  8289 | Lair:1   | Killed a cane toad
  8432 | Lair:1   | Noticed a torpor snail
  8439 | Lair:1   | Killed a torpor snail
  8523 | Lair:1   | Noticed a cane toad
  8526 | Lair:1   | Noticed a cane toad
  8527 | Lair:1   | Killed a cane toad
  8528 | Lair:1   | Reached XP level 11. HP: 109/109 MP: 10/10
  9412 | Lair:1   | Reached skill level 13 in Unarmed Combat
  9798 | Lair:2   | Found a staircase to the Swamp.
 10061 | Lair:2   | Reached skill level 1 in Throwing
 10742 | Lair:3   | Reached skill level 1 in Armour
 10867 | Lair:3   | Slain by a naga

Illustrated notes

Levels and vault maps discovered:
D:1:      dpeg_arrival_three_same_balls, layout_rooms, serial_rivers,
          chequers_serial_rivers_small_b, chequers_serial_rivers_micro_c,
          chequers_serial_rivers_room_b, chequers_serial_rivers_large_b,
          chequers_serial_rivers_room_a, chequers_serial_rivers_marsh,
          chequers_serial_rivers_room_a, hangedman_glass_teeth,
          minmay_tromino_v7
D:2:      layout_loops_cross, serial_shops, nicolae_diamond_shop,
          hellmonk_ecumenical_altar_zigzags, uniq_sigmund
D:3:      layout_loops_corners
D:4:      layout_basic, zin_treasury, minmay_temple_entry_poolview
D:5:      layout_loops_ring, tso_oasis_becter, kennysheep_mini_moat,
          minmay_misc_feat_ornament
D:6:      layout_rooms, serial_undead, serial_undead_a, serial_undead_b,
          serial_undead_b, serial_undead_b, grunt_ministairs_7
D:7:      layout_cave_pods
D:8:      layout_basic, worldfamousw_hep_ancestral_shrine, lemuel_crystal_altar,
          mainiacjoe_overflow_cross_hatched, due_lair_maze_entry_diamond,
          serial_shops, shop, uniq_maggie
Lair:1:   layout_cave_pods
Lair:2:   nzn_winding_woodlands_small [nzn_winding_woodlands_5x15_longhouse,
          nzn_winding_woodlands_center_diamonds,
          nzn_winding_woodlands_5x15_twine], layout_cave_pods,
          minmay_swamp_entry_worms
Lair:3:   layout_concentric_octagons, minmay_snake_entry_guardpost_small,
          ebering_ghost_inner_flame, evilmike_ambush
          [evilmike_ambush_outer_basic, evilmike_ambush_inner_basic]

Skill      XL: |  1  2  3  4  5  6  7  8  9 10 11 |
---------------+----------------------------------+-----
Unarmed Combat | 4 5 6 7 8 10 12 13 | 13.6
Fighting       | 3 4 5 6 7 8 |  8.4
Dodging        | 3 4 5 6 7 8 |  8.4
Throwing       | 2 |  2.3
Armour         | 1 |  1.8

Action                   |  1- 3 |  4- 6 |  7- 9 | 10-12 || total
-------------------------+-------+-------+-------+-------++-------
Melee: Unarmed           |    95 |    95 |   246 |   197 ||   633
       Punch             |       |     1 |    15 |    21 ||    37
Throw: Dart              |       |       |     2 |     7 ||     9
Invok: Berserk           |     1 |     5 |    14 |    12 ||    32
       Trog's Hand       |       |       |     2 |     2 ||     4
  Use: Scroll            |     5 |     7 |     6 |     6 ||    24
 Stab: Sleeping          |     1 |     1 |       |       ||     2
       Petrified         |       |       |       |     2 ||     2
Armor: Animal skin       |    31 |    20 |    89 |       ||   140
       Acid dragon scale |       |       |       |    45 ||    45
Dodge: Dodged            |    61 |    24 |   150 |   113 ||   348
